 Dungeon Crawl Stone Soup version 0.32-a0-540-g866d13106e (webtiles) character file.

Game seed: 9082298953197792370

516 ezpacito the Trooper (level 7, -3/56 HPs)
             Began as a Demonspawn Chaos Knight on Feb 29, 2024.
             Was a Plaything of Xom.
             Slain by a sleepcap (6 damage)
             ... on level 3 of the Dungeon.
             The game lasted 00:04:26 (2637 turns).

ezpacito the Trooper (Demonspawn Chaos Knight)      Turns: 2637, Time: 00:04:27

Health: -3/56      AC: 13    Str: 12    XL:     7   Next: 0%
Magic:  12/12      EV: -2    Int: 12    God:    Xom [..*...]
Gold:   161        SH:  0    Dex: 15    Spells: 9/12 levels left

rFire   . . .        a - +0 hand axe (chaos)
rCold   . . .        (no shield)
rNeg    . . .        k - +1 chain mail {Will+}
rPois   .            (no helmet)
rElec   .            (no cloak)
rCorr   .            (no gloves)
SInv    .            (no boots)
Will    +....        c - amulet of magic regeneration Stlth
                     (no ring)
HPRegen 0.29/turn    (no ring)
MPRegen 0.53/turn

%: no passive effects
@: constricted
A: icy blue scales 2
a: Renounce Religion


You were on level 3 of the Dungeon.
You worshipped Xom.
You were a toy of Xom.
You visited 1 branch of the dungeon, and saw 3 of its levels.

You collected 161 gold pieces.

Inventory:

Hand Weapons
 a - a +0 hand axe of chaos (weapon)
Missiles
 f - 8 poisoned darts (quivered)
 g - 2 silver javelins
Armour
 k - a +1 chain mail of willpower (worn)
Jewellery
 c - an amulet of magic regeneration (around neck)
Talismans
 h - a flux talisman
Scrolls
 d - 4 scrolls of identify
 e - a scroll of enchant weapon
 i - 2 scrolls of teleportation
 j - 2 scrolls of torment
 n - a scroll of revelation


   Skills:
 * Level 5.0 Fighting
 * Level 4.5(4.9) Axes
 + Level 2.5(3.9) Polearms
 + Level 2.4 Throwing
 * Level 4.0 Armour
 * Level 3.7 Dodging
 + Level 2.8 Stealth
 * Level 3.5 Unarmed Combat
 * Level 3.4 Spellcasting
 + Level 2.9 Necromancy
 + Level 0.0 Evocations


You had 9 spell levels left.
You knew the following spells:

 Your Spells              Type           Power      Damage    Failure   Level
a - Fugue of the Fallen   Necr           9%         N/A       99%         3

Your spell library contained the following spells:

 Spells                   Type           Power      Damage    Failure   Level
 Necrotise                Necr           36%        1d5       83%         1
 Vampiric Draining        Necr           9%         2d6       99%         3
 Ozocubu's Armour         Ice            2%         N/A       100%        3
 Manifold Assault         Tloc           2%         N/A       100%        4
 Martyr's Knell           Necr/Summ      5%         N/A       100%        4
 Curse of Agony           Necr           9%         N/A       100%        5


Dungeon Overview and Level Annotations

Branches:
Dungeon (3/15)

Altars:


Innate Abilities, Weirdness & Mutations

You are mostly covered in icy blue scales. (AC +3)


Message History

You feel strangely unstable. Something hits you but does no damage.
The orc priest looks even sicker.
You hit something.
The orc priest is engulfed in poison gas.
The orc priest looks even sicker.
You hit something. You freeze something.
Reactivating autopickup.
You feel a bit more experienced. x2
You have reached level 7!
You hit the sleepcap but do no damage.
The sleepcap is moderately damaged.
Your surroundings suddenly seem different.
You start resting.
A sleepcap is nearby!
A sleepcap is nearby!
Okay, then.
Okay, then. "Hum-dee-hum-dee-hum..."
The sleepcap seems to speed up.
The sleepcap releases spores at you but does no damage.
The ball python attacks as it pursues you!
The ball python barely misses you. The ball python grabs you.
The ball python constricts you.
The sleepcap releases spores at you but does no damage.
You barely miss the ball python. You hit the sleepcap. You freeze the sleepcap.
The sleepcap releases spores at you.
* * * LOW HITPOINT WARNING * * *
The ball python bites you but does no damage.
The ball python constricts you.
You hit the ball python but do no damage.
You hit the sleepcap.
The sleepcap is moving more slowly.
The sleepcap releases spores at you.
* * * LOW HITPOINT WARNING * * *
You are engulfed in a cloud of soporific spores!
You fall asleep.
The ball python bites you but does no damage.
The ball python constricts you.
You wake up.
* * * LOW HITPOINT WARNING * * *
The sleepcap releases spores at you.
You die...

*,,,,,,,,* *>*
##.......##
*,******,* *,*
#.......^.## **,*
*,****,*
##..^...^...# ,,,*
*,,,,,,*
#............ ****
********
#....^.>.....
#######.^...^..^#.
#...#.##^^..^..###
#.#...###.....##
###@S.### ###..##
#...f.# ####.####
###.##..#
#..)...[#
#.......#
#.......#
#.#.#...#
#.......#
#.#,#...#
#.....).#
#,#.....#
#.......#
*,##.##.#
#.......#
*.##.*#.#
#.......#


You could see a sleepcap (fast, petrifying) and a ball python.

Vanquished Creatures
  Grinder (D:3)
  An ogre (D:3)
  An orc priest (D:3)
  Jessica (D:3)
  Ijyb (D:3)
  An orc wizard (D:3)
  3 adders
  A dart slug (D:1)
  3 ribbon worms
  An orc (D:3)
  5 endoplasms
  6 giant cockroaches
  A goblin (D:2)
  5 hobgoblins
  4 kobolds
  A quokka (D:3)
  10 ball pythons
  4 bats
  5 frilled lizards
  3 rats
58 creatures vanquished.

Vanquished Creatures (collateral kills)
  An endoplasm (D:3)
  An endoplasm zombie (D:3)
  A kobold zombie (D:3)
3 creatures vanquished.

Grand Total: 61 creatures vanquished

Notes
Turn   | Place    | Note
-------+----------+-------------------------------------------
     0 | D:1      | ezpacito the Demonspawn Chaos Knight began the quest for
                  | the Orb.
     0 | D:1      | Reached XP level 1. HP: 18/18 MP: 1/1
    63 | D:1      | Reached skill level 1 in Dodging
   168 | D:1      | Gained mutation: You are partially covered in icy blue
                  | scales. (AC +2) [demonic ancestry]
   168 | D:1      | Reached XP level 2. HP: 24/24 MP: 2/2
   294 | D:1      | Found a faded altar of an unknown god.
   775 | D:2      | XOM: silly message
   833 | D:2      | XOM: divination: magic mapping
   896 | D:2      | XOM: silly message
   921 | D:2      | Reached XP level 3. HP: 29/29 MP: 3/3
  1034 | D:2      | XOM: divination: detect creatures
  1061 | D:2      | Learned a level 3 spell: Fugue of the Fallen
  1763 | D:3      | Noticed Grinder
  1893 | D:3      | XOM: potion effect (experience)
  1893 | D:3      | Reached skill level 4 in Fighting
  1893 | D:3      | Reached XP level 4. HP: 18/38 MP: 3/8
  1895 | D:3      | XOM: potion effect (heal wounds)
  1904 | D:3      | XOM: silly message
  1915 | D:3      | XOM: butterfly on damage
  1916 | D:3      | Killed Grinder
  1917 | D:3      | Gained mutation: You are mostly covered in icy blue scales.
                  | (AC +3) [demonic ancestry]
  1917 | D:3      | Reached XP level 5. HP: 14/43 MP: 5/9
  1917 | D:3      | Reached XP level 6. HP: 16/50 MP: 5/10
  2329 | D:3      | Noticed Jessica
  2334 | D:3      | XOM: cast spell 'Iskenderun's Battlesphere'
  2340 | D:3      | Reached skill level 5 in Fighting
  2347 | D:3      | Killed Jessica
  2490 | D:3      | Noticed Ijyb
  2497 | D:3      | Killed Ijyb
  2609 | D:3      | HP: 2/51 [orc priest/divine providence (12)]
  2617 | D:3      | Reached XP level 7. HP: 4/56 MP: 12/12
  2635 | D:3      | XOM: enchant monster (bad)
  2637 | D:3      | Slain by a sleepcap

Illustrated notes

Levels and vault maps discovered:
D:1:      dpeg_arrival_court, layout_loops_cross,
          dreamdust_ecumenical_altar_statues
D:2:      layout_basic
D:3:      cheibrodos_helix_gallery, layout_loops_cross, nicolae_wormholes,
          uniq_grinder, uniq_jessica, uniq_ijyb

Skill      XL: |  1  2  3  4  5  6 |
---------------+-------------------+-----
Dodging        | 1 3 |  3.7
Armour         | 2 3 4 |  4.0
Fighting       | 4 5 |  5.0
Axes           | 4 |  4.5
Polearms       | 2 |  2.5
Throwing       | 2 |  2.4
Stealth        | 2 |  2.8
Unarmed Combat | 3 |  3.5
Spellcasting   | 3 |  3.4
Necromancy     | 2 |  2.9

Action                     |  1- 3 |  4- 6 |  7- 9 || total
---------------------------+-------+-------+-------++-------
  Melee: Hand axe          |   114 |   107 |     3 ||   224
  Evoke: Wand              |       |     5 |       ||     5
    Use: Scroll            |     4 |     5 |       ||     9
         Potion            |     1 |     3 |       ||     4
   Stab: Sleeping          |     2 |       |       ||     2
         Confused          |     1 |       |       ||     1
         Paralysed         |       |     1 |       ||     1
 Armour: Leather armour    |    59 |       |       ||    59
         Chain mail        |    22 |   109 |    10 ||   141
  Dodge: Dodged            |    52 |    40 |     1 ||    93

Table legend: (Time is in decaauts)
 A = Elapsed time spent in this place.
 B = Non-inter-level travel time spent in this place.
 C = Inter-level travel time spent in this place.
 D = Time resting spent in this place.
 E = Time spent auto-exploring this place.
 F = Levels seen in this place.
 G = Mean time per level.
                   A        B        C        D        E       F      G
               +--------+--------+--------+--------+--------+-----+--------+
         Total |   2665 |   2548 |    117 |    101 |   1903 |   3 |  888.3 |
       Dungeon |   2665 |   2548 |    117 |    101 |   1903 |   3 |  888.3 |
               +--------+--------+--------+--------+--------+-----+--------+

Top non-repeatable levels by time:
     D:2: 1064 daAuts
     D:3: 873 daAuts
     D:1: 727 daAuts
